 Dungeon Crawl Stone Soup version 0.22-a0-303-g4a852b3 (webtiles) character file.

40 Kidiri the Magician (level 3, 0/19 HPs)
             Began as a Deep Elf Fire Elementalist on Mar 27, 2018.
             Succumbed to an adder's poison
             ... on level 2 of the Dungeon.
             The game lasted 00:03:27 (1473 turns).

Kidiri the Magician (Deep Elf Fire Elementalist)    Turns: 1473, Time: 00:03:27

Health: 0/19       AC:  2    Str:  5    XL:     3   Next: 30%
Magic:  6/10       EV: 13    Int: 20    God:
Gold:   72         SH:  0    Dex: 15    Spells: 1/10 levels left

rFire    . . .     SeeInvis .   e - +0 short sword
rCold    . . .     Gourm    .   (no shield)
rNeg     . . .     Faith    .   a - +0 robe
rPois    .         Spirit   .   (no helmet)
rElec    .         Reflect  .   (no cloak)
rCorr    .         Harm     .   (no gloves)
MR       .....                  (no boots)
Stlth    ++........             (no amulet)
HPRegen  0.06/turn              (no ring)
MPRegen  0.12/turn              (no ring)

@: lethally poisoned (0 -> -7)
A: no striking features
a: no special abilities


You were on level 2 of the Dungeon.
You were hungry.

You visited 1 branch of the dungeon, and saw 2 of its levels.

You collected 72 gold pieces.

Inventory:

Hand Weapons
 e - a +0 short sword (weapon)
Armour
 a - a +0 robe (worn)
Scrolls
 h - a scroll of remove curse {unknown}
 i - a scroll of enchant weapon {unknown}
Potions
 b - a potion of cancellation
 f - 2 potions of invisibility
Comestibles
 c - 2 rations


   Skills:
 - Level 2.4 Dodging
 - Level 2.4 Stealth
 * Level 4.3 Spellcasting
 + Level 2.0 Conjurations
 + Level 3.7 Fire Magic


You had one spell level left.
You knew the following spells:

 Your Spells              Type           Power        Failure   Level  Hunger
a - Flame Tongue          Conj/Fire      ###..        3%          1    None
b - Throw Flame           Conj/Fire      ###...       6%          2    #......
c - Conjure Flame         Conj/Fire      ###.....     12%         3    ###....
d - Inner Flame           Hex/Fire       ##......     17%         3    ###....


Dungeon Overview and Level Annotations

Branches:
Dungeon (2/15)

Altars:


Message History

The adder is almost dead.
The adder bites you.
You are poisoned.
The adder poisons you!
Casting: Flame Tongue (safe; 3% risk of failure)
Confirm with . or Enter, or press ? or * to list all spells.
Aiming: Flame Tongue (safe; 3% risk of failure)
Press: ? - help, Shift-Dir - straight line, f/p - adder
Aim: an adder (almost dead)
The flame tongue misses the adder.
You feel sick. The adder bites you.
* * * LOW HITPOINT WARNING * * *
The adder bites you.
* * * LOW HITPOINT WARNING * * *
Casting: Flame Tongue (safe; 3% risk of failure)
Confirm with . or Enter, or press ? or * to list all spells.
Aiming: Flame Tongue (safe; 3% risk of failure)
Press: ? - help, Shift-Dir - straight line, f/p - adder
Aim: an adder (almost dead)
The flame tongue misses the adder.
You die...

......# ##### #.# ......# #.#
...#### ##############.# ...#
#(..).......##.# ...#
#.#########.##.####### ..##
#># #(##...>.... ..##### #.#
#(##.#......
......######.#########......#
............(#.S@......).#..#
..###.########.#######.#....#
....#.# # #.####.# ###.#.#
#.# .# #.#.# ... .. #.#.# #.#
.# #.#.# #.# .# ###.#.# #?.
......#


You could see an adder.

Vanquished Creatures
  2 adders (D:2)
  A leopard gecko (D:1)
  A ball python (D:1)
  2 bats
  2 goblins (D:1)
  3 hobgoblins
  2 frilled lizards
  8 kobolds
  3 rats
24 creatures vanquished.

Notes
Turn   | Place    | Note
-------+----------+-------------------------------------------
     0 | D:1      | Kidiri the Deep Elf Fire Elementalist began the quest for the Orb.
     0 | D:1      | Reached XP level 1. HP: 10/10 MP: 6/6
   244 | D:1      | Reached XP level 2. HP: 12/15 MP: 3/8
   252 | D:1      | Learned a level 2 spell: Throw Flame
   866 | D:2      | Reached skill level 4 in Spellcasting
  1029 | D:2      | Reached XP level 3. HP: 12/19 MP: 7/10
  1034 | D:2      | Learned a level 3 spell: Conjure Flame
  1038 | D:2      | Learned a level 3 spell: Inner Flame
  1473 | D:2      | Succumbed to an adder's poison

Vault maps used:
D:1:      matt_arrival_grand_opening

Skill      XL: |  1  2  3 |
---------------+----------+-----
Spellcasting   | 4 |  4.3
Conjurations   | 2 |  2.0
Dodging        | |  2.4
Stealth        | |  2.4
Fire Magic     | |  3.7

Action                   || total
-------------------------++-------
Melee: Short sword       ||    11
 Cast: Flame Tongue      ||    45
  Use: Scroll            ||     2
       Potion            ||     2
 Stab: Sleeping          ||     2
  Eat: Chunk             ||     1
Armor: Robe              ||     4
       Skin              ||     7
Dodge: Dodged            ||    26

Table legend:
 A = Spawn XP
 B = Non-spawn XP
 C = Spawn XP percentage of total XP
 D = Spawn monster count
 E = Non-spawn monster count
 F = Spawn count percentage of total count
 G = Total turns spent on level
                    A         B        C        D         E        F      G
               +---------+---------+-------+---------+---------+-------+---------
         Total |       0 |      58 |   0.0 |       0 |      24 |   0.0 |  1473
               +---------+---------+-------+---------+---------+-------+---------
           D:1 |       0 |      22 |   0.0 |       0 |      14 |   0.0 |   854
           D:2 |       0 |      36 |   0.0 |       0 |      10 |   0.0 |   619
               +---------+---------+-------+---------+---------+-------+---------
